 Dungeon Crawl Stone Soup version 0.30-a0-56-ge6a4009bfd (webtiles) character file.

Game seed: 6370501704837759783

5336 porpoise the Grappler (level 10, -5/91 HPs)
             Began as a Troll Brigand on Sept 11, 2022.
             Was a Follower of Hepliaklqana.
             Slain by an orc warrior
             ... wielding a +0 glaive of venom
              (16 damage)
             ... on level 8 of the Dungeon.
             The game lasted 00:28:44 (7033 turns).

porpoise the Grappler (Troll Brigand)               Turns: 7033, Time: 00:28:45

Health: -5/91      AC:  9    Str: 21    XL:     10   Next: 38%
Magic:  9/9        EV: 11    Int:  7    God:    Hepliaklqana [*.....]
Gold:   485        SH:  0    Dex: 15    Spells: 9/9 levels left

rFire   . . .      SeeInvis .      - Unarmed
rCold   . . .      Faith    .    (no shield)
rNeg    . . .      Spirit   .    C - +4 robe of Coezitzust {rPois}
rPois   +          Reflect  .    (helmet restricted)
rElec   .          Harm     .    c - +0 cloak
rCorr   .          Rampage  .    (gloves unavailable)
Will    .....                    (boots unavailable)
Stlth   ++........               (no amulet)
HPRegen 1.05/turn                (no ring)
MPRegen 0.11/turn                (no ring)

@: about to teleport
A: reduced essence, large, unfitting armour, claws 3, regeneration 1, shaggy fur
1, tough skin 1
a: Renounce Religion, Recall Ancestor, Ancestor Identity


You were on level 8 of the Dungeon.
You worshipped Hepliaklqana.
Hepliaklqana was aware of your devotion.
You visited 2 branches of the dungeon, and saw 9 of its levels.

You collected 485 gold pieces.

Inventory:

Hand Weapons
 b - the +5 sling of Wyrd {speed, rPois}
   (You found it on level 2 of the Dungeon)

   Attacks with this weapon are significantly faster.
   rPois:     It protects you from poison.
 w - a +3 flail
Missiles
 d - 29 poisoned darts
 e - 3 curare-tipped darts (quivered)
 i - 8 large rocks
 r - 6 silver boomerangs
 H - 2 atropa-tipped darts
 L - 6 javelins
Armour
 c - a +0 cloak (worn)
 C - the +4 robe of Coezitzust (worn) {rPois}
   (You found it on level 6 of the Dungeon)

   rPois:     It protects you from poison.
 E - +0 ice dragon scales
 O - +0 steam dragon scales
Jewellery
 q - the amulet of Elemental Vulnerability {rPois rF-- rC-- AC+8}
   (You found it on level 3 of the Dungeon)

   [amulet of nothing]

   AC:        It affects your AC (+8).
   rF:        It makes you very vulnerable to fire.
   rC:        It makes you very vulnerable to cold.
   rPois:     It protects you from poison.
 v - an amulet of magic regeneration
 G - a ring of ice
 M - a ring of protection from cold
Wands
 y - a wand of paralysis (13)
 I - a wand of flame (19)
 N - a wand of roots (7)
Scrolls
 a - a scroll of fog {unknown}
 f - 2 scrolls of teleportation
 h - 4 scrolls of blinking
 l - a scroll of amnesia
 m - 2 scrolls of enchant weapon
 p - a scroll of enchant armour {unknown}
 s - a scroll of noise
 t - a scroll of poison
 u - a scroll of vulnerability {unknown}
 D - a scroll of fear {unknown}
 J - 4 scrolls of identify
 K - a scroll of acquirement {unknown}
Potions
 g - 4 potions of flight
 j - 2 potions of mutation
 k - 5 potions of curing
 n - 2 potions of attraction
 o - 2 potions of cancellation
 x - 2 potions of lignification
 z - a potion of might {unknown}
 A - a potion of ambrosia {unknown}
 B - a potion of brilliance {unknown}
 F - a potion of heal wounds {unknown}


   Skills:
 - Level 7.0 Fighting
 - Level 1.5 Short Blades
 - Level 1.7 Throwing
 + Level 3.8 Dodging
 - Level 2.1 Stealth
 + Level 12.3 Unarmed Combat


You had 9 spell levels left.
You didn't know any spells.
Your spell library contained the following spells:

 Spells                   Type           Power      Damage    Failure   Level
 Foxfire                  Conj/Fire      0%         2x1d4     43%         1
 Conjure Flame            Conj/Fire      0%         6-21      80%         3
 Gell's Gravitas          Tloc           0%         N/A       80%         3
 Inner Flame              Hex/Fire       0%         N/A       80%         3
 Teleport Other           Tloc           0%         N/A       80%         3
 Flame Wave               Conj/Fire      0%         2d4       99%         4
 Dispersal                Tloc           0%         N/A       100%        6


Dungeon Overview and Level Annotations

Branches:
Dungeon (8/15)             Temple (1/1) D:5
   Lair: D:8-11

Altars:
Ashenzari
Dithmenos
Elyvilon
Fedhas
Gozag
Hepliaklqana
Makhleb
Nemelex Xobeh
Okawaru
Qazlal
Ru
Trog
Uskayaw
Vehumet
Xom
Zin
The Shining One
Lugonu

Portals:
Abyss: D:3

Annotations:
D:8 Prince Ribbit


Innate Abilities, Weirdness & Mutations

Your life essence is reduced to manifest your ancestor. (-10% HP)
You are too large for most types of armour.
You have claws for hands.
Your natural rate of healing is unusually fast.
You are covered in fur. (AC +1)
You have tough skin. (AC +1)


Message History

An orc priest comes into view. It is wielding a +1 dagger of speed.
The orc priest shouts!
You hear an angry buzzing noise.
A killer bee comes into view. x2
The killer bee moves out of view.
Prince Ribbit croaks regally.
Bekki barely misses the orc wizard.
Prince Ribbit misses you.
Found a radiant altar of Vehumet.
Prince Ribbit hits you but does no damage.
The orc warrior hits you from afar with a +0 glaive of venom!
Bekki hits the orc.
You miss Prince Ribbit. Prince Ribbit hits you.
The orc warrior hits you from afar with a +0 glaive of venom!
Bekki barely misses the orc.
The orc attacks as you move away! The orc hits you but does no damage.
Prince Ribbit blinks!
A killer bee comes into view.
The killer bee buzzes angrily.
A killer bee comes into view. x2
The orc wizard hits you with a +0 dagger.
The orc throws a boomerang.
The boomerang closely misses you.
The orc warrior hits you from afar with a +0 glaive of venom!
The orc closely misses you.
Bekki hits Prince Ribbit!
The killer bee moves out of view.
Unknown command.
The killer bee buzzes angrily.
You scratch the orc.
You kill the orc!
The orc wizard closely misses you. The orc hits you with a +0 dagger.
The orc warrior hits you from afar with a +0 glaive of venom!!
* * * LOW HITPOINT WARNING * * *
As you read the scroll of teleportation, it crumbles to dust.
You feel strangely unstable. The killer bee stings you.
* * * LOW HITPOINT WARNING * * *
The orc wizard points at you and mumbles some strange words.
The puff of flame hits you!
* * * LOW HITPOINT WARNING * * *
The orc barely misses you. The orc hits you but does no damage.
The killer bee barely misses you.
The orc warrior hits you from afar with a +0 glaive of venom!
You die...

... .# ... .#
...... .. ........
.# ...y.....##.##
#.....o..#8...##
#.....y..##...8#
##.......o##._.#
........ooy@#######
#........oooo......
#.......R.F.....>..
#.............#####
#.............#
#.............#
#.............#
#.##...#####.####
#...##.......#


You could see the friendly Bekki the ancestor, Prince Ribbit (ally target), an
orc warrior, 3 killer bees, an orc priest, an orc wizard and 5 orcs.

Vanquished Creatures
  A cyclops (D:6)
  An orange demon (D:8)
  A kobold demonologist (D:6)
  Grinder (D:3)
  4 yaks (D:8)
  A steam dragon (D:8)
  Menkaure (D:5)
  4 water moccasins
  An orc warrior (D:7)
  A hornet zombie (D:6)
  An ice beast (D:6)
  2 black bears
  2 centaurs
  2 phantoms
  A bullfrog (D:8)
  A kobold brigand (D:7)
  3 necrophages
  5 scorpions
  3 wights (D:6)
  A howler monkey (D:6)
  A centaur zombie (D:6)
  2 jellies (D:6)
  2 bullfrog zombies (D:6)
  2 hounds
  4 orc priests
  2 bullfrog skeletons (D:6)
  Jessica (D:2)
  3 iguanas
  3 orc wizards
  A howler monkey skeleton (D:6)
  9 adders
  3 gnolls (D:4)
  A shadow imp (D:8)
  4 white imps
  2 dart slugs
  27 orcs
  10 ball pythons
  2 bats
  11 endoplasms
  4 giant cockroaches
  7 hobgoblins
  4 jackals (D:2)
  4 quokkas
  7 frilled lizards
  11 goblins
  11 kobolds
  4 rats
  2 lurking horrors (D:3)
181 creatures vanquished.

Vanquished Creatures (collateral kills)
  Amaemon (D:8)
  A wyvern zombie (D:6)
2 creatures vanquished.

Vanquished Creatures (others)
  2 fungi (D:1)
  8 plants
10 creatures vanquished.

Grand Total: 193 creatures vanquished

Notes
Turn   | Place    | Note
-------+----------+-------------------------------------------
     0 | D:1      | porpoise the Troll Brigand began the quest for the Orb.
     0 | D:1      | Reached XP level 1. HP: 19/19 MP: 0/0
    83 | D:1      | Reached skill level 1 in Unarmed Combat
   103 | D:1      | Reached XP level 2. HP: 28/28 MP: 1/1
   188 | D:1      | Found a faded altar of an unknown god.
   289 | D:1      | Reached skill level 2 in Unarmed Combat
   520 | D:1      | Reached XP level 3. HP: 30/35 MP: 2/2
  1137 | D:2      | Noticed Jessica
  1141 | D:2      | Killed Jessica
  1142 | D:2      | Reached skill level 3 in Unarmed Combat
  1142 | D:2      | Reached XP level 4. HP: 40/44 MP: 3/3
  1315 | D:2      | Identified the +5 sling of Wyrd {speed, rPois}
  1810 | D:3      | Found the amulet of Elemental Vulnerability {rPois rF--
                  | rC-- AC+8}
  1827 | D:3      | Found a hide-covered altar of Uskayaw.
  1827 | D:3      | Noticed a +0 dagger
  1827 | D:3      | Noticed a +0 dagger
  1877 | D:3      | Found a one-way gate to the infinite horrors of the Abyss.
  1877 | D:3      | Found a corrupted altar of Lugonu.
  2328 | D:3      | Noticed Grinder
  2341 | D:3      | Paralysed by Grinder for 4 turns
  2355 | D:3      | Killed Grinder
  2356 | D:3      | Reached skill level 5 in Unarmed Combat
  2356 | D:3      | Reached XP level 5. HP: 36/53 MP: 4/4
  2356 | D:3      | Reached XP level 6. HP: 41/61 MP: 5/5
  2807 | D:4      | Reached XP level 7. HP: 68/68 MP: 6/6
  3133 | D:4      | Reached skill level 6 in Unarmed Combat
  3693 | D:5      | Entered Level 5 of the Dungeon
  3946 | D:5      | Noticed Menkaure
  3955 | D:5      | Reached skill level 7 in Unarmed Combat
  3958 | D:5      | Killed Menkaure
  4113 | D:5      | Reached XP level 8. HP: 79/79 MP: 7/7
  4232 | D:5      | Found a staircase to the Ecumenical Temple.
  4239 | Temple   | Entered the Ecumenical Temple
  4446 | Temple   | Became a worshipper of Hepliaklqana the Forgotten
  4820 | D:6      | Reached skill level 8 in Unarmed Combat
  4857 | D:6      | Reached skill level 5 in Fighting
  4966 | D:6      | Identified the +4 robe of Coezitzust {rPois}
  5127 | D:6      | Reached skill level 9 in Unarmed Combat
  5265 | D:6      | Reached XP level 9. HP: 87/89 MP: 8/8
  5268 | D:6      | Noticed a cyclops
  5269 | D:6      | Noticed a kobold demonologist
  5282 | D:6      | Killed a cyclops
  5283 | D:6      | Reached skill level 10 in Unarmed Combat
  5382 | D:6      | Killed a kobold demonologist
  5560 | D:6      | Reached * piety under Hepliaklqana
  5567 | D:6      | Found a sacrificial altar of Ru.
  5764 | D:6      | Reached skill level 11 in Unarmed Combat
  6357 | D:7      | Reached skill level 1 in Dodging
  6812 | D:8      | Noticed an orange demon
  6817 | D:8      | Noticed Amaemon
  6818 | D:8      | Killed an orange demon
  6819 | D:8      | Reached XP level 10. HP: 66/91 MP: 9/9
  6826 | D:8      | Killed Amaemon
  6827 | D:8      | Reached skill level 12 in Unarmed Combat
  7021 | D:8      | Noticed Prince Ribbit
  7028 | D:8      | Found a radiant altar of Vehumet.
  7033 | D:8      | Slain by an orc warrior

Illustrated notes

Levels and vault maps discovered:
D:1:      sevenhm_arrival_forest_fort_large_4, layout_basic,
          dreamdust_ecumenical_altar_grove
D:2:      layout_loops_ring, uniq_jessica
D:3:      layout_loops_corners, dancing_weapons_uskayaw,
          amcnicky_altar_lugonu_corruption, uniq_grinder
D:4:      layout_layer_cave
D:5:      layout_basic, temple_statues, minmay_misc_feat_tower,
          serial_bayou_crossing, uniq_menkaure
D:6:      minmay_chambers_of_sixes, layout_loops_ring, nicolae_ru_awakened_eye,
          serial_undead, serial_undead_d, serial_undead_f, serial_undead_e,
          serial_undead_a
D:7:      layout_basic, minmay_misc_feat_square
D:8:      layout_basic, grunt_temple_overflow_magic_moments,
          minmay_diced_spiral, uniq_prince_ribbit1, uniq_amaemon
Temple:   eino_temple_water

Skill      XL: |  1  2  3  4  5  6  7  8  9 10 |
---------------+-------------------------------+-----
Unarmed Combat | 1 2 3 5 7 9 11 12 | 12.3
Fighting       | 2 3 4 5 7 |  7.0
Dodging        | 2 3 |  3.8
Short Blades   | |  1.5
Throwing       | |  1.7
Stealth        | |  2.1

Action                   |  1- 3 |  4- 6 |  7- 9 | 10-12 || total
-------------------------+-------+-------+-------+-------++-------
Melee: Unarmed           |   115 |    61 |   221 |    30 ||   427
       Dagger            |     7 |       |       |       ||     7
       Punch             |     1 |     3 |    16 |     2 ||    22
 Fire: Sling             |       |    54 |   107 |     6 ||   167
Throw: Dart              |       |       |     3 |       ||     3
Invok: Ancestor Identity |       |       |     1 |       ||     1
  Use: Scroll            |       |       |    13 |     1 ||    14
 Stab: Sleeping          |     4 |     3 |     1 |       ||     8
Armor: Robe              |    43 |    12 |    90 |     7 ||   152
Dodge: Dodged            |    47 |    13 |    70 |    17 ||   147

Table legend: (Time is in decaauts)
 A = Elapsed time spent in this place.
 B = Non-inter-level travel time spent in this place.
 C = Inter-level travel time spent in this place.
 D = Time resting spent in this place.
 E = Time spent auto-exploring this place.
 F = Levels seen in this place.
 G = Mean time per level.
                   A        B        C        D        E       F      G
               +--------+--------+--------+--------+--------+-----+--------+
         Total |   6935 |   6707 |    228 |    501 |   4871 |   9 |  770.6 |
       Dungeon |   6710 |   6502 |    208 |    501 |   4679 |   8 |  838.8 |
        Temple |    224 |    204 |     20 |      0 |    192 |   1 |  224.0 |
               +--------+--------+--------+--------+--------+-----+--------+

Top non-repeatable levels by time:
     D:4: 1205 daAuts
     D:6: 1192 daAuts
     D:3: 869 daAuts
     D:5: 854 daAuts
     D:2: 809 daAuts
     D:1: 801 daAuts
     D:7: 766 daAuts
  Temple: 224 daAuts
     D:8: 211 daAuts
